 Dungeon Crawl Stone Soup version 0.17-a0-1637-g5d65775 (webtiles) character file.

11856 MiaIshata the Fighter (level 11, -1/104 HPs)
             Began as a Minotaur Fighter on Aug 7, 2015.
             Was an Initiate of Gozag.
             Slain by a water moccasin (3 damage)
             ... on level 3 of the Lair of Beasts.
             The game lasted 00:54:16 (9844 turns).

MiaIshata the Fighter (Minotaur Fighter)            Turns: 9844, Time: 00:54:16

Health: -1/104     AC: 16    Str: 25    XL:     11   Next: 54%
Magic:  0/10       EV:  5    Int:  5    God:    Gozag
Gold:   949        SH: 18    Dex: 14    Spells: 0 memorised, 10 levels left

rFire  + . .     SeeInvis .     n - +7 Screaming Sword
rCold  . . .     Clarity  .     x - +1 chain mail of the Ditch-Digger {rPois MR+ Stlth+}
rNeg   . . .     SustAt   .     F - +0 large shield
rPois  +         Gourm    .     (helmet restricted)
rElec  .         Spirit   +     (no cloak)
rCorr  .         Warding  .     g - +0 pair of gloves
rMut   .         Stasis   .     (no boots)
MR     +....                    s - amulet of guardian spirit
Stlth  ..........               e - +2 ring of protection
                                f - ring of protection from fire

@: mighty, somewhat resistant to hostile enchantments, extremely unstealthy
A: retaliatory headbutt, horns 2
a: Potion Petition, Call Merchant, Bribe Branch, Renounce Religion


You were on level 3 of the Lair of Beasts.
You worshipped Gozag.
Gozag was noncommittal.
You were not hungry.

You visited 2 branches of the dungeon, and saw 11 of its levels.
You also visited: Ice Cave.

You collected 1783 gold pieces.
You paid 834 gold pieces to Gozag.

Inventory:

Hand weapons
 n - the +7 Screaming Sword (weapon)
   (You found it on level 7 of the Dungeon)
 t - a +2 flail of crushing
Armour
 g - a +0 pair of gloves (worn)
 l - a +0 plate armour
 q - a +0 leather armour of cold resistance
 x - the +1 chain mail of the Ditch-Digger (worn) {rPois MR+ Stlth+}
   (You found it on level 2 of the Lair of Beasts)

   It protects you from poison.
   It affects your resistance to hostile enchantments.
   It makes you more stealthy.
 F - a +0 large shield (worn)
Jewellery
 a - an uncursed amulet of stasis {unknown}
 e - a +2 ring of protection (right hand)
 f - a ring of protection from fire (left hand)
 s - an amulet of guardian spirit (around neck)
Magical devices
 b - a wand of draining (4)
 c - a wand of digging (9)
 h - a wand of magic darts (48)
 B - a wand of confusion (26)
 C - a wand of paralysis (0)
 G - a wand of draining (10)
Scrolls
 o - 2 scrolls of remove curse
 A - a scroll of recharging
 E - 2 scrolls of fog
Potions
 d - a potion of might
 m - a potion of degeneration
 u - a potion of cure mutation
 w - a potion of mutation {unknown}
Books
 D - a book of Unlife

   Spells                             Type                      Level
   a - Recall                         Summoning/Translocation      3
   b - Animate Dead                   Necromancy                   4
   c - Control Undead                 Necromancy                   4
   d - Cigotuvi's Embrace             Necromancy                   5
   e - Death Channel                  Necromancy                   6
   f - Simulacrum                     Ice/Necromancy               6
 I - a book of Annihilations

   Spells                             Type                      Level
   a - Poison Arrow                   Conjuration/Poison           6
   b - Chain Lightning                Conjuration/Air              8
   c - Lehudib's Crystal Spear        Conjuration/Earth            8
   d - Glaciate                       Conjuration/Ice              9
   e - Fire Storm                     Conjuration/Fire             9
Comestibles
 i - a bread ration
 j - 2 meat rations
 k - 4 beef jerkies
 v - a royal jelly
 H - 4 fruits


   Skills:
 * Level 11.9 Fighting
 * Level 8.7 Long Blades
   Level 4.8(6.7) Axes
 - Level 7.2(7.9) Maces & Flails
 * Level 11.3 Armour
 + Level 10.3 Shields


You had 10 spell levels left.
You didn't know any spells.

Dungeon Overview and Level Annotations

Branches:
Dungeon (8/15)             Temple (0/1) D:4            Lair (3/8) D:8
  Swamp: Lair:3-6    Shoals: Lair:3-6     Snake: Lair:3-6    Spider: Lair:3-6

Altars:
Dithmenos
Gozag
Trog
Vehumet
Yredelemnul
The Shining One

Shops:
D:5 *   D:12 (

Portals:
Labyrinth: Lair:3


Innate Abilities, Weirdness & Mutations

You reflexively headbutt those who attack you in melee.
You have a pair of horns on your head.


Message History

Okay, then.
You block the wolf's attack.
You see here 6 gold pieces.
The Screaming Sword imitates a saxophone.
The yak, the wolves and the polar bear are hurt by the noise.
You block the wolf's attack. You block the wolf's attack.
You block the wolf's attack.
There is an ice covered gate leading back out of this place here.
The wolf bites you.
* * * LOW HITPOINT WARNING * * *
You block the wolf's attack. You block the polar bear's attack.
The polar bear claws you but does no damage. x2
Welcome back to the Lair of Beasts!
You hear a distant snort.
Hark!
There is an entrance to a minotaur's labyrinth on this level.
Find the entrance quickly before the gate is sealed!
You hear the brisk ticking of a clock nearby.
The water moccasin bites you.
You die...
Your body crumbles into a pile of gold.

..............# ...
.......#...##.## ....P
....∩..........#
#.....
.##....###.P..###S...#
.####### ###..P..#..#
.# ##........#
#.....#...#
##....h...# #..#S@h#.#
#..........#
#.#....#.......
................
####P.#..#.#P.P.#
##.#######.### # ##


You could see a polar bear, a water moccasin and a wolf.

Vanquished Creatures
  A hydra (Lair:1)
  An elephant (D:8)
  2 black mambas
  2 spiny frogs (Lair:2)
  A komodo dragon (Lair:2)
  8 blink frogs
  Grinder (D:6)
  2 polar bears (IceCv)
  Sigmund (D:5)
  3 yaks
  A wyvern (Lair:3)
  Menkaure (D:4)
  A hungry ghost (D:7)
  Edmund (D:4)
  6 wolves
  A porcupine (Lair:1)
  2 ice beasts
  10 water moccasins
  3 black bears
  A phantom (D:7)
  A centaur (D:7)
  5 ogres
  5 crocodiles
  10 giant frogs
  A wyvern skeleton (D:7)
  7 scorpions
  4 wights (D:7)
  A quasit (D:6)
  5 orc wizards
  2 crimson imps (D:8)
  3 hounds (D:7)
  A centaur skeleton (D:6)
  An orc priest (D:6)
  A giant frog skeleton (D:5)
  Natasha (twice) (D:3)
  8 iguanas
  13 worker ants
  A sheep (D:8)
  A hound skeleton (D:5)
  2 hound zombies
  A worker ant zombie (D:5)
  19 adders
  13 gnolls
  31 river rats
  3 oozes
  2 worms
  2 adder skeletons
  27 orcs
  3 ball pythons
  10 bats
  7 giant cockroaches
  2 hobgoblins
  4 quokkas
  A giant gecko skeleton (D:6)
  6 giant newts
  6 goblins
  6 kobolds
  2 quokka skeletons
  6 rats
  A fungus (D:7)
275 creatures vanquished.

Vanquished Creatures (others)
  A gnoll (D:2)
  A worm (D:2)
  A bat (D:2)
  A rat (D:2)
  7 fungi
  2 plants
13 creatures vanquished.

Grand Total: 288 creatures vanquished

Notes
Turn   | Place    | Note
--------------------------------------------------------------
     0 | D:1      | MiaIshata the Minotaur Fighter began the quest for the Orb.
     0 | D:1      | Reached XP level 1. HP: 19/19 MP: 0/0
   139 | D:1      | Reached XP level 2. HP: 21/27 MP: 1/1
   305 | D:1      | Reached skill level 4 in Armour
   731 | D:2      | Found a radiant altar of Vehumet.
   760 | D:2      | Reached XP level 3. HP: 23/33 MP: 2/2
   833 | D:2      | HP: 1/33 [gnoll/club (7)]
  1347 | D:2      | Reached XP level 4. HP: 37/41 MP: 3/3
  1636 | D:3      | Noticed Natasha
  1648 | D:3      | Killed Natasha
  1909 | D:3      | Reached skill level 5 in Fighting
  1909 | D:3      | Reached skill level 5 in Armour
  1909 | D:3      | Reached XP level 5. HP: 44/48 MP: 4/4
  1978 | D:3      | Noticed Natasha
  1982 | D:3      | Killed Natasha
  2095 | D:3      | Found a basalt altar of Yredelemnul.
  2505 | D:4      | Found a glowing golden altar of the Shining One.
  2560 | D:4      | Noticed Menkaure
  2608 | D:4      | Killed Menkaure
  2608 | D:4      | Reached skill level 5 in Shields
  2608 | D:4      | Reached XP level 6. HP: 56/56 MP: 5/5
  2763 | D:4      | Noticed Edmund
  2763 | D:4      | Reached skill level 6 in Armour
  2772 | D:4      | Killed Edmund
  2772 | D:4      | Reached XP level 7. HP: 45/63 MP: 6/6
  2978 | D:4      | Found an opulent altar of Gozag.
  3018 | D:4      | Became a worshipper of Gozag Ym Sagoz the Greedy
  3085 | D:4      | Found a staircase to the Ecumenical Temple.
  3353 | D:5      | Entered Level 5 of the Dungeon
  3386 | D:5      | Reached skill level 7 in Fighting
  3386 | D:5      | Reached skill level 1 in Maces & Flails
  3417 | D:5      | Reached XP level 8. HP: 61/73 MP: 7/7
  3438 | D:5      | Found a bloodstained altar of Trog.
  3541 | D:5      | Found Lenied's Serpentskin Sales.
  3570 | D:5      | Reached skill level 8 in Fighting
  4289 | D:5      | Noticed Sigmund
  4300 | D:5      | Killed Sigmund
  4485 | D:6      | Noticed Grinder
  4496 | D:6      | Killed Grinder
  4530 | D:6      | Found a shadowy altar of Dithmenos.
  4598 | D:6      | Reached skill level 5 in Maces & Flails
  4721 | D:6      | Reached XP level 9. HP: 80/82 MP: 8/8
  4844 | D:6      | Reached skill level 9 in Fighting
  5987 | D:7      | Reached skill level 1 in Long Blades
  6351 | D:8      | Reached XP level 10. HP: 93/93 MP: 9/9
  6389 | D:8      | Found a staircase to the Lair.
  6389 | D:8      | Noticed an elephant
  6414 | D:8      | Killed an elephant
  6414 | D:8      | Reached skill level 10 in Fighting
  6446 | Lair:1   | Entered Level 1 of the Lair of Beasts
  6551 | Lair:1   | Found a dark tunnel.
  6680 | Lair:1   | You fall through a shaft!
  6745 | Lair:2   | Reached skill level 10 in Armour
  6753 | Lair:2   | Reached skill level 5 in Long Blades
  6826 | Lair:2   | Noticed a black mamba
  6830 | Lair:2   | Killed a black mamba
  6830 | Lair:2   | Reached skill level 11 in Fighting
  6862 | Lair:2   | Got a warped chain mail
  6873 | Lair:2   | Identified the +1 chain mail of the Ditch-Digger {rPois MR+ Stlth+} (You found it on level 2 of the Lair of Beasts)
  7547 | Lair:1   | Noticed a seven-headed hydra
  8138 | Lair:1   | Reached XP level 11. HP: 100/102 MP: 8/10
  8363 | Lair:1   | HP: 8/229 [13-headed hydra (5)]
  8364 | Lair:1   | Killed a 14-headed hydra
  8967 | Lair:1   | Reached skill level 10 in Shields
  9407 | Lair:2   | Noticed a four-headed hydra
  9778 | Lair:3   | Found a labyrinth entrance.
  9797 | Lair:3   | Found a frozen archway.
  9807 | IceCv    | Entered an ice cave
  9837 | IceCv    | HP: 5/104 [wolf (6)]
  9843 | IceCv    | HP: 1/104 [wolf (3)]
  9844 | Lair:3   | Slain by a water moccasin

Vault maps used:
D:1:      grunt_arrival_crossed_arrows, grunt_decor_mini_mirrors,
          solitary_fountain
D:2:      fiery_altar_vehumet
D:3:      first_bread, yredelemnul_altar_generic, uniq_natasha
D:4:      tso_metal_star, kennysheep_little_box, uniq_edmund, uniq_menkaure
D:5:      bloody_trog, guppyfry_shop_venom, uniq_sigmund
D:6:      nicolae_overflow_crystal_walls, uniq_grinder
D:7:      old_forge
D:8:      david_lair_generic, hangedman_ranch, chei_slow_surprise
Lair:1:   nicolae_volcano_entry_lava_flow, serial_bayou_shore_a,
          infiniplex_staircase_pool_2
Lair:2:   beast_lair_carwin_2, infiniplex_staircase_pool, serial_bayou_shore_b
Lair:3:   portal_ice_cave_entry_pillars_01, lab_entry_generic, worms_lemuel,
          grunt_megastairs_4, serial_bayou_shore_b
IceCv:    ice_cave_small_giant

Action                   |  1- 3 |  4- 6 |  7- 9 | 10-12 || total
-------------------------+-------+-------+-------+-------++-------
Melee: War axe           |    68 |   106 |       |       ||   174
       Flail             |       |       |   305 |       ||   305
       Double sword      |       |       |    51 |   255 ||   306
Invok: Potion Petition   |       |       |     1 |       ||     1
       Call Merchant     |       |       |       |     1 ||     1
Evoke: Wand              |       |       |     2 |     5 ||     7
  Use: Scroll            |     4 |     7 |    10 |     3 ||    24
       Potion            |       |     3 |     8 |     7 ||    18
 Stab: Sleeping          |       |     1 |       |       ||     1
       Distracted        |       |       |       |     2 ||     2
  Eat: Bread ration      |     1 |       |     3 |     1 ||     5
       Chunk             |       |     2 |     2 |       ||     4
       Pizza             |       |       |     1 |     2 ||     3
       Royal jelly       |       |       |       |     1 ||     1
